 Dungeon Crawl Stone Soup version 0.29-a0-352-g0917bc69df (webtiles) character file.

Game seed: 1701464472013366584

5 101zpm the Gusty (level 1, -2/13 HPs)
             Began as a Gnoll Air Elementalist on Apr 24, 2022.
             Succumbed to an adder's poison
             ... on level 3 of the Dungeon.
             The game lasted 00:01:11 (387 turns).

101zpm the Gusty (Gnoll Air Elementalist)            Turns: 387, Time: 00:01:11

Health: -2/13      AC:  3    Str:  7    XL:     1   Next: 80%
Magic:  1/6        EV: 13    Int: 14    God:
Gold:   30         SH:  0    Dex: 12    Spells: 8/9 levels left

rFire   . . .      SeeInvis .   (no weapon)
rCold   . . .      Faith    .   (no shield)
rNeg    . . .      Spirit   .   a - +0 robe
rPois   .          Reflect  .   (no helmet)
rElec   .          Harm     .   (no cloak)
rCorr   .          Rampage  .   f - +0 pair of gloves
Will    .....                   (no boots)
Stlth   ++........              (no amulet)
HPRegen 0.04/turn               (no ring)
MPRegen 0.10/turn               (no ring)

@: lethally poisoned (-2 -> -14)
A: fangs 1, strong nose, distributed training
a: no special abilities


You were on level 3 of the Dungeon.
You visited 1 branch of the dungeon, and saw 3 of its levels.

You collected 30 gold pieces.

Inventory:

Armour
 a - a +0 robe (worn)
 f - a +0 pair of gloves (worn)
Scrolls
 c - a scroll of identify {unknown}
 d - a scroll of summoning {unknown}
Potions
 b - a potion of magic
 e - a potion of ambrosia {unknown}


   Skills:
 + Level 0.1 Fighting
 + Level 0.1 Short Blades
 + Level 0.1 Long Blades
 + Level 0.1 Axes
 + Level 0.1 Maces & Flails
 + Level 0.1 Polearms
 + Level 0.1 Staves
 + Level 0.1 Slings
 + Level 0.1 Bows
 + Level 0.1 Crossbows
 + Level 0.1 Throwing
 + Level 0.1 Armour
 + Level 4.4 Dodging
 + Level 4.0 Stealth
 + Level 0.1 Shields
 + Level 0.1 Unarmed Combat
 + Level 4.9 Spellcasting
 + Level 2.0 Conjurations
 + Level 0.1 Hexes
 + Level 0.1 Summonings
 + Level 0.1 Necromancy
 + Level 0.1 Translocations
 + Level 0.1 Transmutations
 + Level 0.1 Fire Magic
 + Level 0.1 Ice Magic
 + Level 5.3 Air Magic
 + Level 0.1 Earth Magic
 + Level 0.1 Poison Magic
 + Level 0.2 Invocations
 + Level 0.1 Evocations


You had 8 spell levels left.
You knew the following spells:

 Your Spells              Type           Power      Damage    Failure   Level
a - Shock                 Conj/Air       52%        1d6       4%          1

Your spell library contained the following spells:

 Spells                   Type           Power      Damage    Failure   Level
 Static Discharge         Conj/Air       13%        N/A       6%          2
 Swiftness                Air            18%        N/A       6%          3
 Airstrike                Air            9%         N/A       21%         4
 Fulminant Prism          Conj/Hex       3%         3d6       75%         4
 Iskenderun's Mystic Bla  Conj/Tloc      6%         2d4       75%         4
 Lee's Rapid Deconstruct  Erth           1%         3d5*      99%         5


Dungeon Overview and Level Annotations

Branches:
Dungeon (3/15)

Altars:


Innate Abilities, Weirdness & Mutations

You have very sharp teeth.
Your uncanny sense of smell can sniff out nearby items.
Your experience applies equally to all skills.


Message History

The adder completely misses you. The adder attacks as you move away!
The adder bites you but does no damage. The adder misses you.
Aiming: Shock (safe; 4% risk of failure)
Press: ? - help, Q - select action Shift-Dir - straight line The zap misses the adder. x2
The adder closely misses you. The adder bites you.
The adder attacks as you move away! The adder barely misses you.
The adder attacks as you move away! The adder bites you but does no damage.
The adder attacks as you move away! The adder bites you but does no damage.
The adder barely misses you. The adder attacks as you move away!
The adder completely misses you. The adder barely misses you.
Aiming: Shock (safe; 4% risk of failure)
Press: ? - help, Q - select action Shift-Dir - straight line, f - adder
Aim: an adder (48% to hit)
The zap misses the adder.
The adder barely misses you. The adder attacks as you move away!
The adder barely misses you. The adder attacks as you move away!
The adder bites you. The adder misses you. The adder attacks as you move away!
The adder bites you but does no damage. The adder bites you.
You are poisoned.
The adder poisons you!
You feel sick.
You feel sick.
You feel sick. The adder misses you.
You feel sick. The adder attacks as you move away! The adder barely misses you.
You feel sick.
You are no longer poisoned.
The adder bites you.
* * * LOW HITPOINT WARNING * * *
You are lethally poisoned!
The adder poisons you! The adder attacks as you move away! The adder bites you.
* * * LOW HITPOINT WARNING * * *
You are more poisoned.
The adder poisons you!
You die...

.# ####.#####.###
.# ##............#
.###...#.#####.#.#
.......#.......#.#
.###...#########.#
.# ##### ####.####
.# #...S...# ##
#.##.##.# #
#.##@##.# #
#.##..#.#
#.###.#.#
#.###.#.#
#.......#
##....### #.#..# ≈
#.<.## .' ##.##


You could see an adder.

Vanquished Creatures
  A bat (D:2)
  A hobgoblin (D:3)
  A jackal (D:3)
  A ball python (D:2)
  A rat (D:3)
5 creatures vanquished.

Notes
Turn   | Place    | Note
-------+----------+-------------------------------------------
     0 | D:1      | 101zpm the Gnoll Air Elementalist began the quest for the
                  | Orb.
     0 | D:1      | Reached XP level 1. HP: 13/13 MP: 6/6
   387 | D:3      | Succumbed to an adder's poison

Illustrated notes

Levels and vault maps discovered:
D:1:      minmay_arrival_widening_spiral_narrow, layout_loops_ring,
          hellmonk_ecumenical_altar_arch_garden
D:2:      layout_basic, basic_altar, kennysheep_generic_room_13
D:3:      layout_loops_cross, mainiacjoe_overflow_chevrons,
          lemuel_coloured_pillars_altar, mainiacjoe_overflow_six_doors_small,
          kennysheep_generic_room_3

Skill      XL: |  1 |
---------------+----+-----
Conjurations   | 2 |  2.0
Fighting       | |  0.1
Short Blades   | |  0.1
Long Blades    | |  0.1
Axes           | |  0.1
Maces & Flails | |  0.1
Polearms       | |  0.1
Staves         | |  0.1
Slings         | |  0.1
Bows           | |  0.1
Crossbows      | |  0.1
Throwing       | |  0.1
Armour         | |  0.1
Dodging        | |  4.4
Stealth        | |  4.0
Shields        | |  0.1
Unarmed Combat | |  0.1
Spellcasting   | |  4.9
Hexes          | |  0.1
Summonings     | |  0.1
Necromancy     | |  0.1
Translocations | |  0.1
Transmutations | |  0.1
Fire Magic     | |  0.1
Ice Magic      | |  0.1
Air Magic      | |  5.3
Earth Magic    | |  0.1
Poison Magic   | |  0.1
Invocations    | |  0.2
Evocations     | |  0.1

Action                   || total
-------------------------++-------
 Cast: Shock             ||    15
Armor: Robe              ||     5
Dodge: Dodged            ||    12

Table legend: (Time is in decaauts)
 A = Elapsed time spent in this place.
 B = Non-inter-level travel time spent in this place.
 C = Inter-level travel time spent in this place.
 D = Time resting spent in this place.
 E = Time spent auto-exploring this place.
 F = Levels seen in this place.
 G = Mean time per level.
                   A        B        C        D        E       F      G
               +--------+--------+--------+--------+--------+-----+--------+
         Total |    386 |    386 |      0 |      0 |    313 |   3 |  128.7 |
       Dungeon |    386 |    386 |      0 |      0 |    313 |   3 |  128.7 |
               +--------+--------+--------+--------+--------+-----+--------+

Top non-repeatable levels by time:
     D:3: 172 daAuts
     D:1: 160 daAuts
     D:2: 53 daAuts
